 Dungeon Crawl Stone Soup version 0.30.1-4-g462c640d31 (webtiles) character file.

Game seed: 11751485165331504015

14 Kranky the Changer (level 2, 0/21 HPs)
             Began as a Demonspawn Wanderer on Sept 3, 2023.
             Slain by a jackal (1 damage)
             ... on level 1 of the Dungeon.
             The game lasted 00:01:55 (400 turns).

Kranky the Changer (Demonspawn Wanderer)             Turns: 400, Time: 00:01:56

Health: 0/21       AC:  3    Str: 10    XL:     2   Next: 27%
Magic:  4/4        EV:  9    Int: 12    God:
Gold:   24         SH:  7    Dex: 15    Spells: 3/3 levels left

rFire   . . .        a - +0 dagger
rCold   . . .        h - +0 kite shield
rNeg    . . .        e - +0 leather armour
rPois   .            (no helmet)
rElec   .            (no cloak)
rCorr   .            (no gloves)
SInv    .            (no boots)
Will    .....        (no amulet)
Stlth   +            (no ring)
HPRegen 0.23/turn    (no ring)
MPRegen 0.09/turn

%: no passive effects
@: no status effects
A: powered by pain 1
a: no special abilities


You were on level 1 of the Dungeon.
You visited 1 branch of the dungeon, and saw 1 of its levels.

You collected 24 gold pieces.

Inventory:

Hand Weapons
 a - a +0 dagger (weapon)
Missiles
 b - 3 throwing nets (quivered)
Armour
 e - a +0 leather armour (worn)
 h - a +0 kite shield (worn)
Scrolls
 c - a scroll of teleportation
 d - a scroll of fear
 g - a scroll of blinking {unknown}
Potions
 f - a potion of flight {unknown}
 i - a potion of mutation {unknown}
 j - 2 potions of curing {unknown}


   Skills:
 + Level 1.4 Fighting
 + Level 0.6 Armour
 - Level 2.6 Dodging
 + Level 1.3 Spellcasting
 - Level 2.6 Transmutations
 - Level 1.2 Invocations
 + Level 1.3 Evocations


You had 3 spell levels left.
You didn't know any spells.
Your spell library contained the following spells:

 Spells                   Type           Power      Damage    Failure   Level
 Wereblood                Tmut           7%         N/A       73%         2
 Passwall                 Tmut/Erth      3%         N/A       88%         2


Dungeon Overview and Level Annotations

Branches:
Dungeon (1/15)

Altars:


Innate Abilities, Weirdness & Mutations

You sometimes gain a little power by taking damage.


Message History

The jackal completely misses you. You block the giant cockroach's attack.
The jackal barely misses you. The giant cockroach bites you.
* * * LOW HITPOINT WARNING * * *
You closely miss the giant cockroach.
The jackal bites you but does no damage.
You block the giant cockroach's attack.
The jackal bites you but does no damage.
You hit the giant cockroach.
The giant cockroach is heavily wounded.
You block the giant cockroach's attack. You block the jackal's attack.
The giant cockroach closely misses you.
The jackal bites you but does no damage.
You hit the giant cockroach.
You kill the giant cockroach!
The jackal completely misses you.
You barely miss the jackal. The jackal misses you.
You block the jackal's attack.
You closely miss the jackal. The jackal bites you.
* * * LOW HITPOINT WARNING * * *
The jackal bites you but does no damage.
You closely miss the jackal. You block the jackal's attack. x2
You barely miss the jackal. The jackal bites you.
* * * LOW HITPOINT WARNING * * *
You hit the jackal.
The jackal is lightly wounded.
You block the jackal's attack. x2
You closely miss the jackal.
The jackal is lightly wounded.
The jackal misses you. The jackal barely misses you.
You hit the jackal.
The jackal is heavily wounded.
The jackal closely misses you. x2
You hit the jackal but do no damage.
The jackal is heavily wounded.
The jackal bites you.
* * * LOW HITPOINT WARNING * * *
You hit the jackal.
The jackal is severely wounded.
You block the jackal's attack. The jackal bites you.
You die...

.###.# ####.#### #..........#...
...#.##### #..# #..........#
.........####.###############
.####.##..............### .#
#..........#........## .#
##.....#...#...#.....# .#
##..#...#..#..#...#..### .#
#..).#..#.B#.h#..#.....# .#
#.†...#..#h#@#..#.....[## .#
#..#...#.#†#†#.#...#....#
.####...##..#.#†#.#..##...#.#####
..........##.#...#.##............
............#.....#..............
......######...<...######........
............#.....#..............
..........##.#...#.##............
........##..#.#.#.#..##..........


You could see a jackal.

Vanquished Creatures
  2 ball pythons (D:1)
  3 bats (D:1)
  2 giant cockroaches (D:1)
  A goblin (D:1)
  3 jackals (D:1)
11 creatures vanquished.

Notes
Turn   | Place    | Note
-------+----------+-------------------------------------------
     0 | D:1      | Kranky the Demonspawn Wanderer began the quest for the Orb.
     0 | D:1      | Kranky set off with the following items: a +0 dagger, 3
                  | throwing nets, a scroll of teleportation, a scroll of fear,
                  | a +0 leather armour; and the following spells available to
                  | memorise: Wereblood, Passwall.
     0 | D:1      | Reached XP level 1. HP: 15/15 MP: 2/2
   365 | D:1      | Gained mutation: You sometimes gain a little power by
                  | taking damage. [demonic ancestry]
   365 | D:1      | Reached XP level 2. HP: 7/21 MP: 3/3
   395 | D:1      | HP: 1/21 [jackal (3)]
   400 | D:1      | Slain by a jackal

Illustrated notes

Levels and vault maps discovered:
D:1:      minmay_arrival_radiant_lines, layout_basic

Action                     || total
---------------------------++-------
  Melee: Dagger            ||    79
 Armour: Leather armour    ||    58
  Dodge: Dodged            ||    69
  Block: Kite shield       ||    48
